 Dungeon Crawl Stone Soup version 0.19.5 (webtiles) character file.

73172 theAP the Fencer (level 15, -6/102 HPs)
             Began as a Formicid Fighter on Apr 16, 2017.
             Was the Champion of Nemelex Xobeh.
             Mangled by an orc knight
             ... wielding a +0 battleaxe
              (38 damage)
             ... on level 2 of the Orcish Mines on Apr 17, 2017.
             The game lasted 01:33:16 (25337 turns).

theAP the Fencer (Formicid Fighter)                Turns: 25337, Time: 01:33:16

Health: -6/102     AC: 23    Str: 27    XL:     15   Next: 89%
Magic:  23/23      EV:  8    Int: 10    God:    Nemelex Xobeh [******]
Gold:   1493       SH: 13    Dex: 14    Spells: 0 memorised, 14 levels left

rFire  + + +     SeeInvis +     S - +1 triple sword "Orb Guardian's Peril" {speed, rF+ rN+ Dex+4}
rCold  + + +     Gourm    +     A - +0 chain mail {rC+}
rNeg   + . .     Faith    .     H - +1 shield {rC+}
rPois  .         Spirit   .     (helmet unavailable)
rElec  .         Reflect  .     s - +0 cloak
rCorr  .         Harm     .     m - +1 pair of gloves
MR     +....                    O - +1 pair of boots
Stlth  ..........               X - amulet of the gourmand
                                h - +2 ring of intelligence
                                p - +2 ring of protection

@: drained
A: permanent stasis, dig shafts and tunnels, four strong arms, antennae 3,
talons 1, molten scales 1, rugged brown scales 1, thin metallic scales 1, blurry
vision 2, cold resistance 1, fire resistance 2, frail 2, low mp 1
a: Dig, Shaft Self, Triple Draw, Deal Four, Stack Five, Renounce Religion


You were on level 2 of the Orcish Mines.
You worshipped Nemelex Xobeh.
Nemelex Xobeh was exalted by your worship.
You were not hungry.

You visited 3 branches of the dungeon, and saw 23 of its levels.
You also visited: Sewer and Ossuary.

You collected 1939 gold pieces.
You spent 446 gold pieces at shops.

Inventory:

Hand Weapons
 t - a +1 great sword of distortion
 D - a +2 scimitar of flaming
 G - the +10 falchion of Eternal War {protect, rC+ Dex+2 SInv}
   (You found it on level 6 of the Dungeon)

   It protects the one who uses it against injury (+AC on strike).
   It affects your dexterity (+2).
   It protects you from cold.
   It lets you see invisible.
 I - a +2 vampiric long sword
 S - the +1 triple sword "Orb Guardian's Peril" (weapon) {speed, rF+ rN+ Dex+4}
   (You acquired it on level 2 of the Orcish Mines)

   Attacks with this weapon are significantly faster.
   It affects your dexterity (+4).
   It protects you from fire.
   It protects you from negative energy.
Armour
 c - a +0 shield
 m - a +1 pair of gloves (worn)
 s - a +0 cloak (worn)
 A - a +0 chain mail of cold resistance (worn)
 H - a +1 shield of cold resistance (worn)
 O - a +1 pair of boots (worn)
Jewellery
 h - a +2 ring of intelligence (right hand)
 p - a +2 ring of protection (left hand)
 B - an uncursed ring of protection from fire
 X - an amulet of the gourmand (around neck)
Wands
 b - a wand of acid (6/15)
 R - a wand of lightning (3/15)
 Z - a wand of digging (8/24)
Scrolls
 i - 2 scrolls of fear
 n - 2 scrolls of recharging
 o - 4 scrolls of enchant weapon
 E - 7 scrolls of enchant armour
 M - 3 scrolls of magic mapping
 N - 11 scrolls of remove curse
 W - 13 scrolls of identify
Potions
 d - 9 potions of might
 g - 2 potions of heal wounds
 k - 2 potions of invisibility
 l - 2 potions of ambrosia
 u - 10 potions of curing
 C - 2 potions of agility
 P - 3 potions of resistance
 T - 2 potions of cancellation
 V - 2 potions of flight
Books
 q - a book of Fire

   Spells                             Type                      Level
   a - Ignite Poison                  Fire/Transmutation/Poison    3
   b - Fireball                       Conjuration/Fire             5
   c - Bolt of Fire                   Conjuration/Fire             6
   d - Delayed Fireball               Conjuration/Fire             7
   e - Ring of Flames                 Charms/Fire                  7
 y - a book of Cantrips

   Spells                             Type                      Level
   a - Confusing Touch                Hexes                        1
   b - Animate Skeleton               Necromancy                   1
   c - Summon Small Mammal            Summoning                    1
   d - Apportation                    Translocation                1
Miscellaneous
 a - an ornate deck of escape {drawn: 1}
 e - a plain deck of escape
 r - an ornate deck of destruction {drawn: 3}
 v - a legendary deck of escape
 w - an ornate deck of escape
 x - a legendary deck of destruction
 z - an ornate deck of destruction {drawn: 1}
 F - a plain deck of destruction {drawn: 3}
 J - a legendary deck of summoning {drawn: 3}
 K - a lamp of fire
 L - an ornate deck of destruction
 Q - a plain deck of summoning {drawn: 8}
 U - an ornate deck of escape
 Y - a legendary deck of summoning {drawn: 2}
Comestibles
 f - 13 bread rations
 j - a meat ration


   Skills:
 + Level 13.6(12.3) Fighting
 * Level 17.1(15.7) Long Blades
 - Level 8.2(7.0) Armour
 + Level 9.1(7.9) Shields
 + Level 14.6(13.2) Invocations


You had 14 spell levels left.
You didn't know any spells.

Dungeon Overview and Level Annotations

Branches:
Dungeon (15/15)            Temple (0/1) D:4            Lair (6/6) D:10
 Shoals (0/4) Lair:3        Snake (0/4) Lair:2        Slime (0/5) Lair:6
    Orc (2/2) D:10            Elf (0/3) Orc:2        Vaults (0/5) D:13
 Depths (0/5) D:15

Altars:
Ashenzari
Kikubaaqudgha
Nemelex Xobeh
Okawaru
Sif Muna
Uskayaw
Xom
Beogh

Shops:
D:7 *(=*?   D:13 ?   Orc:2 *[(


Innate Abilities, Weirdness & Mutations

You are under a permanent stasis effect.
You can dig through walls and to a lower floor.
Your four strong arms can wield two-handed weapons with a shield.
You have a pair of large antennae on your head. (SInv)
You have sharp toenails.
You are partially covered in molten scales. (AC +2)
You are partially covered in rugged brown scales. (AC +1, +3% HP)
You are partially covered in thin metallic scales. (AC +2)
Scrolls take you longer to read.
Your flesh is cold resistant. (rC+)
Your flesh is very heat resistant. (rF++)
You are very frail. (-20% HP)
Your magical capacity is low. (-10% MP)


Message History

Evoke which item? (* to show all) (? for menu, Esc to quit)
You draw a card...
It is Pain.
You have drawn Pain.
Press: ? - help, Shift-Dir - straight line, f - orc knight
Aim: an orc knight, wielding an arbalest and wearing a plate armour (unusually strong)
The orc knight convulses!
The orc knight shoots a bolt.
The bolt hits you but does no damage.
You see here a bolt.
The orc knight unwields an uncursed arbalest.
The orc knight wields a battleaxe.
The orc knight hits you with a battleaxe!!
Things that are here:
a hand axe; a plate armour; an orc corpse You hit the orc knight.
The orc knight is heavily wounded.
You barely miss the orc knight.
The orc knight is heavily wounded.
The orc knight hits you with a battleaxe!!!
You die...
Your body glows slightly and disappears.

#######.# #∩....#.# #.#
#.#.._..# .#
#.....#.###.###.# ....# .#
#.....#.. ......# .... ..#{ .
#.)...#.# #.# #.###'###..#{
...###)###.# #.#
#..........##' .......)..)#
#.# #..8...8.....o
...###)##).###.###).........#
. #....#..)..((@o.)†..[..o.#{
#. #....#).#######$###.###..#
#..#∩...#..# #.# #.# #
#..######..#######.# #.#
#................... ...
.................... ...
....#..##################
...#...## ### ........##
##.##


You could see an orc knight.

Vanquished Creatures
  The ghost of North the Fighter, a journeyman DrTm of Cheibriados (Lair:6)
  The ghost of Turgon the Martial Artist, a journeyman OpTm of Makhleb (D:15)
  Josephine (D:12)
  Fannar (D:12)
  3 centaur warriors
  A death yak (Lair:6)
  2 wizards
  2 orc knights
  7 hill giants
  2 deep elf magi
  A wolf spider (D:15)
  An orc sorcerer (Orc:1)
  15 ugly things
  2 cyclopes
  A manticore (D:14)
  2 black mambas
  A torpor snail (Lair:6)
  13 spiny frogs
  2 gargoyles
  4 rime drakes
  2 komodo dragons
  An efreet (D:15)
  2 freezing wraiths (D:14)
  A red devil (D:12)
  2 trolls (D:15)
  2 two-headed ogres
  A troll (shapeshifter) (D:15)
  Prince Ribbit (D:6)
  3 hornets
  17 blink frogs
  3 slime creatures
  10 hippogriffs
  A snapping turtle (Lair:3)
  Sigmund (D:5)
  4 shadows
  4 wraiths (D:12)
  A spriggan (D:7)
  3 wyverns
  2 water elementals
  A vampire (D:11)
  3 hogs (D:15)
  19 yaks
  A human (D:13)
  2 basilisks (Lair:6)
  2 steam dragons
  2 hungry ghosts
  2 mottled dragons
  5 wargs
  4 nagas (Lair:2)
  Duvessa (D:5)
  Edmund (D:4)
  6 water moccasins
  5 porcupines
  12 orc warriors
  A swamp drake (Lair:6)
  2 ice beasts
  Purgy (Sewer)
  4 phantoms
  4 sky beasts
  An eye of draining (D:11)
  3 ogres
  9 wolves
  4 boggarts (D:15)
  14 centaurs
  10 crocodiles
  2 big kobolds
  2 elf zombies (Ossuary)
  18 bullfrogs
  Dowan (D:5)
  3 scorpions
  A water moccasin skeleton (D:7)
  7 killer bees
  3 wights (D:8)
  2 electric eels (Lair:5)
  6 howler monkeys
  10 crimson imps
  A bullfrog zombie (D:11)
  6 orc priests
  10 hounds
  A human zombie (Ossuary)
  2 centaur skeletons
  11 jellies
  2 centaur zombies
  7 iguanas
  Ijyb (D:3)
  8 orc wizards
  Natasha (twice) (D:5)
  12 worker ants
  4 hell rats
  2 big kobold zombies (Ossuary)
  2 mummies (Ossuary)
  13 adders
  4 gnolls (D:2)
  5 river rats (D:6)
  3 shadow imps
  An ooze (D:2)
  2 adder skeletons
  3 adder zombies
  2 worms
  2 dart slugs
  10 leopard geckos
  51 orcs
  5 giant cockroaches
  5 goblins
  4 hobgoblins
  16 jackals
  8 kobolds
  7 quokkas
  4 ball pythons
  6 bats
  6 frilled lizards
  2 goblin zombies (Ossuary)
  8 hobgoblin zombies (Ossuary)
  2 jackal zombies
  12 kobold zombies (Ossuary)
  A leopard gecko skeleton (D:4)
  6 orc zombies (Ossuary)
  2 quokka skeletons
  27 rats
  A rat zombie (Ossuary)
  A fungus (Lair:6)
  3 plants (Lair:6)
591 creatures vanquished.

Vanquished Creatures (collateral kills)
  Kirke (D:15)
  Gastronok (Lair:2)
  The ghost of Scuka the Severer, a journeyman MiFi of Okawaru (Lair:6)
  Snorg (D:12)
  A fire dragon (Lair:6)
  2 centaur warriors
  5 hydras
  4 vault guards (D:13)
  A death knight (D:13)
  An alligator (Lair:6)
  4 death yaks (Lair:6)
  2 hill giants
  A glowing orange brain (D:15)
  A wizard (D:13)
  2 orc knights (Orc:2)
  A lindwurm (Lair:5)
  A cyclops (D:12)
  An ugly thing (D:13)
  2 black mambas (Lair:6)
  Maurice (D:10)
  A spiny frog (Lair:6)
  4 rime drakes
  3 komodo dragons (Lair:6)
  A freezing wraith (D:14)
  3 red devils (D:12)
  2 trolls (Orc:2)
  A slime creature (shapeshifter) (D:15)
  3 slime creatures (D:15)
  4 blink frogs (Lair:5)
  2 hippogriffs
  A wraith (D:14)
  2 hogs (D:15)
  A human (D:13)
  9 yaks
  A hog (shapeshifter) (D:15)
  A steam dragon (Lair:6)
  Eustachio (D:5)
  A mottled dragon (Lair:6)
  6 wargs
  A water moccasin (Lair:6)
  15 orc warriors
  2 ogres
  3 crocodiles (Lair:6)
  10 centaurs
  2 bullfrogs
  An electric eel (Lair:5)
  A crimson imp (D:7)
  A hound (D:12)
  6 orc priests
  A centaur skeleton (D:7)
  4 jellies (Lair:6)
  An orc wizard (D:14)
  A worker ant (D:7)
  4 gnolls (D:4)
  A leopard gecko (Orc:2)
  30 orcs
  A jackal (D:10)
  A fungus (Lair:6)
  4 plants
171 creatures vanquished.

Vanquished Creatures (others)
  2 orc knights (Orc:2)
  2 slime creatures (D:12)
  A human (D:15)
  2 orc warriors (Orc:2)
  2 jellies (Lair:6)
  3 ball lightnings
  4 fungi
  11 plants (Lair:6)
27 creatures vanquished.

Grand Total: 789 creatures vanquished

Notes
Turn   | Place    | Note
-------+----------+-------------------------------------------
     0 | D:1      | theAP the Formicid Fighter began the quest for the Orb.
     0 | D:1      | Reached XP level 1. HP: 18/18 MP: 1/1
   203 | D:1      | Reached XP level 2. HP: 23/24 MP: 2/2
   652 | D:2      | Reached XP level 3. HP: 21/30 MP: 3/3
   731 | D:2      | Reached skill level 3 in Long Blades
   754 | D:2      | Reached XP level 4. HP: 30/37 MP: 4/4
  1323 | D:3      | Reached skill level 4 in Long Blades
  1323 | D:3      | Reached XP level 5. HP: 41/42 MP: 5/5
  1329 | D:3      | Found a faded altar of an unknown god.
  1506 | D:3      | Became a worshipper of Nemelex Xobeh the Trickster
  1506 | D:3      | Received a gift from Nemelex Xobeh
  1506 | D:3      | Reached * piety under Nemelex Xobeh
  1506 | D:3      | Received a gift from Nemelex Xobeh
  1541 | D:3      | Reached skill level 1 in Invocations
  1726 | D:3      | Noticed Ijyb
  1744 | D:3      | Killed Ijyb
  1744 | D:3      | Reached XP level 6. HP: 49/49 MP: 5/7
  1954 | D:4      | Found a staircase to the Ecumenical Temple.
  2141 | D:4      | Noticed an ogre
  2158 | D:4      | Killed an ogre
  2158 | D:4      | Reached skill level 5 in Fighting
  2158 | D:4      | Reached skill level 5 in Long Blades
  2459 | D:4      | Noticed a phantom
  2499 | D:4      | Killed a phantom
  2499 | D:4      | Reached XP level 7. HP: 47/56 MP: 9/9
  2544 | D:4      | Noticed Edmund
  2569 | D:4      | Killed Edmund
  2728 | D:4      | Reached ** piety under Nemelex Xobeh
  2914 | D:4      | Reached skill level 6 in Long Blades
  2987 | D:5      | Entered Level 5 of the Dungeon
  3030 | D:5      | Found a glowing drain.
  3047 | Sewer    | Entered a sewer
  3063 | Sewer    | Reached XP level 8. HP: 63/64 MP: 9/11
  3098 | Sewer    | Noticed Purgy
  3117 | Sewer    | Killed Purgy
  3182 | Sewer    | Received a gift from Nemelex Xobeh
  3362 | Sewer    | Gained mutation: Your spells are a little harder to cast, but a little more powerful. [potion of beneficial mutation]
  3429 | D:5      | Noticed Natasha
  3429 | D:5      | Found an ancient bone altar of Kikubaaqudgha.
  3442 | D:5      | Killed Natasha
  3450 | D:5      | Reached skill level 7 in Long Blades
  3456 | D:5      | Noticed Duvessa
  3457 | D:5      | Noticed Dowan
  3466 | D:5      | Killed Duvessa
  3469 | D:5      | Reached skill level 5 in Invocations
  3480 | D:5      | Killed Dowan
  3837 | D:5      | Noticed Natasha
  3842 | D:5      | Killed Natasha
  3976 | D:5      | Noticed Eustachio
  3991 | D:5      | Killed Eustachio
  3991 | D:5      | Reached XP level 9. HP: 61/71 MP: 13/13
  4050 | D:5      | Noticed Sigmund
  4060 | D:5      | Killed Sigmund
  4060 | D:5      | Reached skill level 8 in Long Blades
  4279 | D:6      | Received a gift from Nemelex Xobeh
  4410 | D:6      | Got a faintly glowing falchion
  4411 | D:6      | Identified the +10 falchion of Eternal War {protect, rC+ Dex+2 SInv} (You found it on level 6 of the Dungeon)
  4528 | D:6      | Noticed Prince Ribbit
  4539 | D:6      | Killed Prince Ribbit
  5023 | D:6      | Reached *** piety under Nemelex Xobeh
  5201 | D:7      | Received a gift from Nemelex Xobeh
  5231 | D:7      | Found Mefanoodgh's Magic Scroll Emporium.
  5280 | D:7      | Reached skill level 9 in Long Blades
  5312 | D:7      | Bought a scroll of identify for 28 gold pieces
  5312 | D:7      | Bought a scroll of identify for 28 gold pieces
  5312 | D:7      | Bought a scroll of identify for 28 gold pieces
  5342 | D:7      | Found Haheteo's Jewellery Shop.
  5364 | D:7      | Found Ginuaret's Assorted Antiques.
  5365 | D:7      | Found Oliqaf's Antique Weapon Shoppe.
  5385 | D:7      | Gained mutation: You are partially covered in thin metallic scales. (AC +2) [mutagenic meat]
  5386 | D:7      | Gained mutation: You are partially covered in rugged brown scales. (AC +1, +3% HP) [mutagenic meat]
  5387 | D:7      | Gained mutation: Your body sometimes deteriorates upon taking damage. [mutagenic meat]
  5389 | D:7      | Gained mutation: Your body often deteriorates upon taking damage. [mutagenic meat]
  5445 | D:7      | Noticed a hand axe
  5446 | D:7      | Noticed a dagger
  5446 | D:7      | Found a hide-covered altar of Uskayaw.
  5507 | D:7      | Found Basuc's Assorted Antiques.
  5515 | D:7      | Bought a scroll labeled SIP HEYSUUC for 36 gold pieces
  5600 | D:7      | Reached XP level 10. HP: 82/82 MP: 15/15
  5640 | D:7      | Received a gift from Nemelex Xobeh
  5894 | D:8      | Found a sand-covered staircase.
  5900 | Ossuary  | Entered an ossuary
  6152 | Ossuary  | Reached skill level 10 in Long Blades
  6181 | Ossuary  | Gained mutation: You are partially covered in molten scales. (AC +2) [potion of mutation]
  6181 | Ossuary  | Gained mutation: Your flesh is heat resistant. (rF+) [potion of mutation]
  6182 | Ossuary  | Gained mutation: Potions and wands are less effective at restoring your health. [potion of mutation]
  6182 | Ossuary  | Gained mutation: You are clumsy. (Dex -2) [potion of mutation]
  6182 | Ossuary  | Gained mutation: Your magical capacity is low. (-10% MP) [potion of mutation]
  6395 | D:8      | Reached **** piety under Nemelex Xobeh
  6445 | D:8      | Received a gift from Nemelex Xobeh
  6762 | D:8      | Gained mutation: You are frail. (-10% HP) [mutagenic meat]
  6763 | D:8      | Gained mutation: You have sharp toenails. [mutagenic meat]
  6940 | D:9      | Found a shattered altar of Ashenzari.
  6987 | D:9      | Found a deep blue altar of Sif Muna.
  7134 | D:9      | Noticed a five-headed hydra
  7157 | D:9      | Killed a six-headed hydra
  7347 | D:9      | Lost mutation: Your body often deteriorates upon taking damage. [potion of cure mutation]
  7347 | D:9      | Lost mutation: You are frail. (-10% HP) [potion of cure mutation]
  7347 | D:9      | Lost mutation: Your magical capacity is low. (-10% MP) [potion of cure mutation]
  7347 | D:9      | Lost mutation: You have sharp toenails. [potion of cure mutation]
  7565 | D:10     | Entered Level 10 of the Dungeon
  7594 | D:10     | Received a gift from Nemelex Xobeh
  7594 | D:10     | Found a staircase to the Lair.
  7600 | D:10     | Reached skill level 11 in Long Blades
  7645 | D:10     | Noticed Erolcha
  7658 | D:10     | Noticed Erolcha
  7658 | D:10     | Erolcha changed into Erolcha the hornet
  7664 | D:10     | Killed Erolcha the hornet
  7674 | D:10     | Noticed Maurice
  7688 | D:10     | Killed Maurice
  7688 | D:10     | Reached XP level 11. HP: 38/91 MP: 17/17
  7916 | D:10     | Found a staircase to the Orcish Mines.
  8126 | D:11     | Received a gift from Nemelex Xobeh
  8197 | D:11     | Noticed a hill giant
  8204 | D:11     | Killed a hill giant
  8204 | D:11     | Reached skill level 12 in Long Blades
  8386 | D:11     | Noticed a hill giant
  8393 | D:11     | Killed a hill giant
  8526 | D:11     | Received a gift from Nemelex Xobeh
  8694 | D:11     | Reached ***** piety under Nemelex Xobeh
  8756 | D:11     | Noticed a hill giant
  8770 | D:11     | Killed a hill giant
  8770 | D:11     | Reached skill level 10 in Fighting
  8920 | D:11     | Reached skill level 10 in Invocations
  9174 | D:11     | Received a gift from Nemelex Xobeh
  9618 | D:12     | Noticed a cyclops
  9648 | D:12     | Killed a cyclops
  9757 | D:12     | Lost mutation: Your spells are a little harder to cast, but a little more powerful. [mutagenic meat]
 10031 | D:12     | Reached XP level 12. HP: 85/99 MP: 19/19
 10042 | D:12     | Received a gift from Nemelex Xobeh
 10085 | D:12     | Noticed Josephine
 10097 | D:12     | Killed Josephine
 10097 | D:12     | Reached skill level 13 in Long Blades
 10097 | D:12     | Reached skill level 5 in Armour
 10398 | D:12     | Noticed Fannar
 10404 | D:12     | Killed Fannar
 10657 | D:12     | Noticed Snorg
 10665 | D:12     | Killed Snorg
 10835 | D:13     | Noticed a vault guard
 10846 | D:13     | Noticed a centaur warrior
 10859 | D:13     | Killed a centaur warrior
 11042 | D:13     | Found a shimmering altar of Xom.
 11482 | D:13     | Reached XP level 13. HP: 92/109 MP: 21/21
 11529 | D:13     | Noticed a centaur warrior
 11545 | D:13     | Killed a centaur warrior
 11545 | D:13     | Reached skill level 14 in Long Blades
 11594 | D:13     | Received a gift from Nemelex Xobeh
 11682 | D:13     | Noticed a centaur warrior
 11707 | D:13     | Killed a centaur warrior
 12177 | D:13     | Found Axtiogg's Magic Scroll Emporium.
 12254 | D:13     | Noticed a vault guard
 12295 | D:13     | Killed a vault guard
 12514 | D:13     | Noticed a vault guard
 12517 | D:13     | Noticed a vault guard
 12522 | D:13     | Killed a vault guard
 12524 | D:13     | Killed a vault guard
 12531 | D:13     | Found a gate to the Vaults.
 12549 | D:13     | Killed a vault guard
 12700 | D:13     | Gained mutation: Your mind is acute. (Int +2) [mutagenic meat]
 12701 | D:13     | Gained mutation: Your flesh is very heat resistant. (rF++) [mutagenic meat]
 12730 | D:13     | Gained mutation: Your flesh is cold resistant. (rC+) [mutagenic meat]
 13032 | D:14     | Noticed an eight-headed hydra
 13039 | D:14     | Killed an eight-headed hydra
 13986 | D:14     | Received a gift from Nemelex Xobeh
 14093 | D:14     | Noticed a centaur warrior
 14102 | D:14     | Gained mutation: Scrolls take you a little longer to read. [a neqoxec]
 14106 | D:14     | Killed a centaur warrior
 14124 | D:14     | Reached skill level 15 in Long Blades
 14413 | D:14     | Received a gift from Nemelex Xobeh
 14516 | D:15     | Entered Level 15 of the Dungeon
 14554 | D:15     | Found an iron altar of Okawaru.
 14559 | D:15     | Noticed a centaur warrior
 14573 | D:15     | Killed a centaur warrior
 14848 | D:15     | Noticed Kirke
 14919 | D:15     | Reached XP level 14. HP: 56/118 MP: 23/23
 14965 | D:15     | Killed Kirke
 15429 | D:15     | Lost mutation: Your mind is acute. (Int +2) [mutagenic meat]
 15430 | D:15     | Gained mutation: Scrolls take you longer to read. [mutagenic meat]
 15539 | D:15     | Lost mutation: You are clumsy. (Dex -2) [mutagenic meat]
 15541 | D:15     | Gained mutation: Your flesh is almost immune to the effects of heat. (rF+++) [mutagenic meat]
 15548 | D:15     | Found a staircase to the Depths.
 15553 | D:15     | Lost mutation: Your body sometimes deteriorates upon taking damage. [mutagenic meat]
 15597 | D:15     | Reached skill level 5 in Shields
 15674 | D:15     | Gained mutation: Your magical capacity is low. (-10% MP) [mutagenic meat]
 15675 | D:15     | Lost mutation: Your flesh is almost immune to the effects of heat. (rF+++) [mutagenic meat]
 15720 | D:15     | Received a gift from Nemelex Xobeh
 16621 | D:15     | Gained mutation: You are frail. (-10% HP) [mutagenic meat]
 16622 | D:15     | Lost mutation: Potions and wands are less effective at restoring your health. [mutagenic meat]
 16651 | D:15     | Noticed Turgon's ghost (journeyman OpTm)
 16682 | D:15     | Killed Turgon's ghost
 17239 | Lair:1   | Entered Level 1 of the Lair of Beasts
 17292 | Lair:1   | Reached ****** piety under Nemelex Xobeh
 17296 | Lair:1   | Received a gift from Nemelex Xobeh
 17661 | Lair:1   | Reached skill level 16 in Long Blades
 17677 | Lair:1   | Received a gift from Nemelex Xobeh
 17926 | Lair:2   | Noticed Gastronok
 17944 | Lair:2   | Killed Gastronok
 17978 | Lair:2   | Found a staircase to the Snake Pit.
 18077 | Lair:2   | Received a gift from Nemelex Xobeh
 19262 | Lair:3   | Received a gift from Nemelex Xobeh
 19302 | Lair:3   | Found a staircase to the Shoals.
 19321 | Lair:3   | Reached XP level 15. HP: 96/113 MP: 22/22
 19554 | Lair:3   | Gained mutation: You are very frail. (-20% HP) [potion of mutation]
 19555 | Lair:3   | Gained mutation: You have sharp toenails. [potion of mutation]
 19625 | Lair:3   | Received a gift from Nemelex Xobeh
 20303 | Lair:4   | Received a gift from Nemelex Xobeh
 21101 | Lair:5   | Received a gift from Nemelex Xobeh
 22082 | Lair:6   | Entered Level 6 of the Lair of Beasts
 22239 | Lair:6   | Noticed Scuka's ghost (journeyman MiFi)
 22259 | Lair:6   | Killed Scuka's ghost
 22577 | Lair:6   | Found a staircase to the Slime Pits.
 22753 | Lair:6   | Received a gift from Nemelex Xobeh
 22803 | Lair:6   | Found an ancient bone altar of Kikubaaqudgha.
 23229 | Lair:6   | Reached skill level 17 in Long Blades
 23427 | Lair:6   | Noticed North's ghost (journeyman DrTm)
 23484 | Lair:6   | Killed North's ghost
 23820 | Lair:6   | Received a gift from Nemelex Xobeh
 24247 | Orc:1    | Entered Level 1 of the Orcish Mines
 24897 | Orc:2    | Entered Level 2 of the Orcish Mines
 24907 | Orc:2    | Found Jocoira's Weapon Shop.
 24907 | Orc:2    | Received a gift from Nemelex Xobeh
 24998 | Orc:2    | Found a staircase to the Elven Halls.
 25047 | Orc:2    | Found Janebila's Antique Armour Boutique.
 25071 | Orc:2    | Found Sicenote's Assorted Antiques.
 25109 | Orc:2    | Bought a pair of glowing boots for 294 gold pieces
 25128 | Orc:2    | Bought a scroll labeled YRHUAS RICE for 32 gold pieces
 25133 | Orc:2    | Got a scorched triple sword
 25134 | Orc:2    | Identified the +1 triple sword "Orb Guardian's Peril" {speed, rF+ rN+ Dex+4} (You acquired it on level 2 of the Orcish Mines)
 25294 | Orc:2    | Found a roughly hewn altar of Beogh.
 25337 | Orc:2    | Mangled by an orc knight

Skill      XL: |  1  2  3  4  5  6  7  8  9 10 11 12 13 14 15 |
---------------+----------------------------------------------+-----
Long Blades    | 3 4 5 6 7 9 11 12 13 15 16 17 | 17.1
Fighting       | 4 5 6 7 9 10 11 12 13 | 13.6
Invocations    | 1 3 4 5 7 9 10 11 12 13 14 | 14.6
Armour         | 4 6 8 |  8.2
Shields        | 4 7 9 |  9.1

Action                   |  1- 3 |  4- 6 |  7- 9 | 10-12 | 13-15 || total
-------------------------+-------+-------+-------+-------+-------++-------
Melee: Long sword        |   103 |   183 |   225 |       |       ||   511
       Falchion          |       |       |   128 |   662 |  1122 ||  1912
       Kick              |       |       |       |    26 |   185 ||   211
       Great sword       |       |       |       |       |    67 ||    67
       Triple sword      |       |       |       |       |    20 ||    20
Evoke: Deck              |       |     3 |     4 |    30 |    82 ||   119
  Use: Scroll            |       |     5 |    12 |     8 |     5 ||    30
       Potion            |       |       |     7 |     5 |     6 ||    18
 Stab: Distracted        |       |       |       |       |     2 ||     2
  Eat: Chunk             |       |     5 |    13 |    14 |    41 ||    73
       Fruit             |       |       |     4 |     6 |     9 ||    19
       Pizza             |       |       |       |     2 |     3 ||     5
       Royal jelly       |       |       |       |     1 |     1 ||     2
       Meat ration       |       |       |       |     1 |     3 ||     4
       Beef jerky        |       |       |       |     1 |     3 ||     4
Armor: Scale mail        |    55 |    90 |   169 |   249 |       ||   563
       Chain mail        |       |       |       |    26 |   460 ||   486
Dodge: Dodged            |    30 |    55 |    86 |   164 |   218 ||   553
Block: Shield            |    71 |   102 |   142 |   259 |   462 ||  1036
       Rpst.: Long sword |     7 |    19 |     9 |       |       ||    35
       Falchion          |       |       |    10 |    43 |    43 ||    96
       Great sword       |       |       |       |       |     2 ||     2
